 Dungeon Crawl Stone Soup version 0.19.1-1-g22dce08 (webtiles) character file.

945 Gargoyl the Covered (level 8, -1/67 HPs)
             Began as a Ghoul Abyssal Knight on Jan 18, 2017.
             Was a Believer of Lugonu.
             Slain by Prince Ribbit (12 damage)
             ... on level 5 of the Dungeon.
             The game lasted 00:09:47 (4040 turns).

Gargoyl the Covered (Ghoul Abyssal Knight)          Turns: 4040, Time: 00:09:48

Health: -1/67      AC: 10    Str: 16    XL:     8   Next: 13%
Magic:  10/10      EV:  7    Int:  7    God:    Lugonu [**....]
Gold:   297        SH:  0    Dex: 10    Spells: 0 memorised, 7 levels left

rFire  . . .     SeeInvis .     b - +1 war axe
rCold  + + .     Gourm    .     k - +0 chain mail
rNeg   + + +     Faith    .     (no shield)
rPois  ∞         Spirit   .     (no helmet)
rElec  .         Reflect  .     (no cloak)
rCorr  .         Harm     .     (no gloves)
MR     .....                    (no boots)
Stlth  ..........               (no amulet)
                                (no ring)
                                l - ring of protection from cold

@: rotting
A: rotting body, claws 1, carnivore 3, cold resistance 1, negative energy
resistance 3, slow regeneration 1, torment resistance, unbreathing
a: Depart the Abyss, Bend Space, Renounce Religion


You were on level 5 of the Dungeon.
You worshipped Lugonu.
Lugonu was pleased with you.
You were not hungry.

You visited 1 branch of the dungeon, and saw 5 of its levels.
You visited the Abyss 1 time.

You collected 297 gold pieces.

Inventory:

Hand Weapons
 a - a +1 hand axe
 b - a +1 war axe (weapon)
 q - a +0 spear
Armour
 k - a +0 chain mail (worn)
Jewellery
 l - a ring of protection from cold (left claw)
Scrolls
 m - 2 scrolls of identify
 s - 2 scrolls of recharging
Potions
 o - a potion of mutation
Comestibles
 c - 4 meat rations
 r - 2 beef jerkies


   Skills:
 + Level 4.5 Fighting
 + Level 4.3 Axes
 * Level 5.8 Armour
 + Level 1.8 Dodging
 * Level 4.2 Invocations


You had 7 spell levels left.
You didn't know any spells.

Dungeon Overview and Level Annotations

Branches:
Dungeon (5/15)
 Temple: D:4-7

Altars:
Gozag

Annotations:
D:5 Pikel, Prince Ribbit


Innate Abilities, Weirdness & Mutations

Your body is rotting away.
You thrive on raw meat.
You are immune to poison.
You have sharp fingernails.
You are carnivorous and can eat meat at any time.
Your flesh is cold resistant. (rC+)
You are immune to negative energy. (rN+++)
You regenerate slowly when monsters are visible.
You are immune to unholy pain and torment.
You can survive without breathing.


Message History

Unknown command.
Prince Ribbit gives a loud, deep croak!
Found a gold wand.
Prince Ribbit hits you.
Okay, then.
You barely miss Prince Ribbit. Prince Ribbit hits you!
Prince Ribbit hops awkwardly around.
Prince Ribbit barely misses you.
You slash Prince Ribbit!
Prince Ribbit is lightly wounded.
Prince Ribbit hits you! x2
An adder comes into view.
Unknown command.
The adder hisses angrily.
Prince Ribbit hits you.
* * * LOW HITPOINT WARNING * * *
Prince Ribbit hits you.
* * * LOW HITPOINT WARNING * * *
Prince Ribbit hits you!
You die...

..## ##.##.#
#..###..#..#
#..÷.)÷....#
#.######...######### #.#
##.......... #.#
#....##... ..#
####....## ##### ###
###..S#...... #
#...F@.......
...#####.####../....
##.# #...(.....# .......
....######...#.# #......
###..####..###... ......
###.......## ###......
.?.........## .....
###....###..######......
....................


You could see Prince Ribbit and an adder.

Vanquished Creatures
  Grinder (D:3)
  An ogre (D:5)
  A scorpion (D:4)
  A howler monkey (D:5)
  A bullfrog skeleton (D:4)
  3 hounds
  Natasha (thrice) (D:2)
  3 orc wizards (D:4)
  4 worker ants
  8 gnolls
  6 adders
  An ufetubus (Abyss:3)
  2 oozes
  2 dart slugs
  2 leopard geckos
  6 orcs
  2 giant cockroaches
  9 hobgoblins
  4 jackals (D:5)
  6 kobolds
  2 quokkas (D:3)
  A ball python (D:3)
  4 bats
  4 frilled lizards
  6 goblins
  2 quokka skeletons (D:4)
  8 rats
93 creatures vanquished.

Vanquished Creatures (others)
  A plant (D:5)
1 creature vanquished.

Grand Total: 94 creatures vanquished

Notes
Turn   | Place    | Note
-------+----------+-------------------------------------------
     0 | Abyss:1  | Gargoyl the Ghoul Abyssal Knight began the quest for the Orb.
     0 | Abyss:1  | Reached XP level 1. HP: 19/19 MP: 1/1
    29 | Abyss:2  | Found a corrupted altar of Lugonu.
    50 | Abyss:2  | Noticed a small abomination
    91 | Abyss:3  | Reached skill level 2 in Armour
   154 | Abyss:3  | Noticed a small abomination
   170 | Abyss:3  | Noticed a worldbinder
   175 | Abyss:3  | Noticed an orc priest
   177 | Abyss:3  | Noticed a troll
   177 | Abyss:3  | Noticed an orc priest
   184 | Abyss:3  | Noticed a warg
   184 | Abyss:3  | Noticed an orc priest
   184 | D:1      | Escaped the Abyss
   196 | D:1      | Reached XP level 2. HP: 22/26 MP: 0/2
   417 | D:1      | Reached * piety under Lugonu
   490 | D:1      | Reached XP level 3. HP: 22/31 MP: 3/3
   629 | D:2      | Found a faded altar of an unknown god.
   689 | D:2      | Reached skill level 1 in Dodging
   913 | D:2      | Reached XP level 4. HP: 38/39 MP: 4/4
   945 | D:2      | Noticed Natasha
   969 | D:2      | Killed Natasha
   969 | D:2      | Reached skill level 3 in Armour
  1247 | D:2      | Noticed Natasha
  1282 | D:2      | Killed Natasha
  1282 | D:2      | Reached XP level 5. HP: 35/46 MP: 6/6
  1369 | D:2      | Noticed Natasha
  1395 | D:2      | Killed Natasha
  1687 | D:3      | Noticed Grinder
  1695 | D:3      | Paralysed by Grinder for 7 turns
  1715 | D:3      | Paralysed by Grinder for 6 turns
  1736 | D:3      | Paralysed by Grinder for 5 turns
  1744 | D:3      | Paralysed by Grinder for 5 turns
  1759 | D:3      | Paralysed by Grinder for 2 turns
  1762 | D:3      | Killed Grinder
  1762 | D:3      | Reached skill level 4 in Armour
  1762 | D:3      | Reached XP level 6. HP: 24/52 MP: 7/7
  2068 | D:3      | Found an opulent altar of Gozag.
  2178 | D:3      | Reached ** piety under Lugonu
  2593 | D:4      | Reached XP level 7. HP: 58/58 MP: 8/8
  2841 | D:4      | Reached skill level 5 in Armour
  3294 | D:5      | Entered Level 5 of the Dungeon
  3582 | D:5      | Noticed Pikel
  3840 | D:5      | Reached XP level 8. HP: 53/67 MP: 8/10
  4033 | D:5      | Noticed Prince Ribbit
  4040 | D:5      | Slain by Prince Ribbit

Skill      XL: |  1  2  3  4  5  6  7 |
---------------+----------------------+-----
Armour         | 2 3 4 5 |  5.8
Axes           | 2 3 4 |  4.3
Dodging        | 1 |  1.8
Fighting       | 4 |  4.5
Invocations    | 3 4 |  4.2

Action                   |  1- 3 |  4- 6 |  7- 9 || total
-------------------------+-------+-------+-------++-------
Melee: Hand axe          |    99 |   187 |       ||   286
       War axe           |       |       |   168 ||   168
Invok: Depart the Abyss  |     1 |       |       ||     1
       Bend Space        |       |       |     1 ||     1
  Use: Potion            |     1 |     3 |     6 ||    10
       Scroll            |     1 |     2 |     6 ||     9
  Eat: Chunk             |    12 |    27 |    23 ||    62
Armor: Chain mail        |    86 |   141 |   148 ||   375
Dodge: Dodged            |    38 |    73 |   111 ||   222
